 Dungeon Crawl Stone Soup version 0.28-a0-653-g7e9dba17c3 (webtiles) character file.

Game seed: 15741499613865577631

141642 jasper the Warrior (level 17, -13/165 HPs)
             Began as a Formicid Fighter on Oct 11, 2021.
             Was the Champion of Ashenzari.
             Killed from afar by a nagaraja (34 damage)
             ... with a bolt of poison
             ... on level 4 of the Snake Pit.
             The game lasted 00:47:42 (28280 turns).

jasper the Warrior (Formicid Fighter)              Turns: 28280, Time: 00:47:43

Health: -13/165    AC: 29    Str: 27    XL:     17   Next: 94%
Magic:  18/18      EV:  9    Int: 11    God:    Ashenzari [******]
Gold:   167        SH: 17    Dex: 11    Spells: 6/18 levels left

rFire   + + .      SeeInvis +   J - +3 battleaxe of Supernal Gnosis {vorpal, Melee, Fort} (curse)
rCold   . . .      Faith    +   x - +0 tower shield of Ashenzari's Secrets {Melee, Elem} (curse)
rNeg    . . .      Spirit   .   I - +3 plate armour of the Gnostic Sun {Cun, Comp} (curse)
rPois   .          Reflect  .   (helmet unavailable)
rElec   +          Harm     .   z - +0 cloak "Ensconced Liberalism" {Self, Bglg} (curse)
rCorr   +          Rampage  .   m - +0 pair of gloves of the Mantic Sorrow {Evo, Bglg} (curse)
Will    +....      Clarity  +   j - +1 pair of boots of Supernal Gnosis {Self, Alch} (curse)
Stlth   ..........              K - amulet "Yoke of Ashenzari" {Faith Contam rElec rF++ Regen+, Fort, Melee} (curse)
HPRegen 1.37/turn               t - ring of the Revealing Pleiades {rPois, Bglg, Self} (curse)
MPRegen 0.16/turn               O - ring of the Octopus King {rCorr AC+1 EV+1 Str+1 Int+1 Dex+1, Self, Melee} (curse)

@: lethally poisoned (-13 -> -47), untranslocatable, poison vulnerable,
constricted
A: permanent stasis, dig shafts and tunnels, antennae 3, four strong arms
a: Dig, Shaft Self, Renounce Religion, Shatter the Chains


You were on level 4 of the Snake Pit.
You worshipped Ashenzari.
Ashenzari was exalted by your worship.
You visited 5 branches of the dungeon, and saw 28 of its levels.
You also visited: Volcano.

You collected 2577 gold pieces.
You spent 2410 gold pieces at shops.

Inventory:

Hand Weapons
 w - the +2 hand axe "Zugokued" {flame, rF+}
   (You found it on level 9 of the Dungeon)

   It burns those it strikes, dealing additional fire damage.
   Big, fiery blades are also staple armaments of hydra-hunters.
   rF:        It protects you from fire.
 J - the cursed +3 battleaxe of Supernal Gnosis (weapon) {vorpal, Melee, Fort}
   (You took it off an orc knight on level 1 of the Orcish Mines)

   It inflicts extra damage upon your enemies.
   It has a curse which improves the following skills: Melee Combat: Short
   Blades, Long Blades, Axes, Maces & Flails, Polearms, Staves and Unarmed
   Combat.
   Fortitude: Armour and Shields.
Missiles
 e - 92 poisoned darts (quivered)
 h - 764 stones
 E - a throwing net
 Z - 8 curare-tipped darts
Armour
 j - the cursed +1 pair of boots of Supernal Gnosis (worn) {Self, Alch}
   (You found it on level 1 of the Dungeon)

   It has a curse which improves the following skills: Introspection: Fighting
   and Spellcasting.
   Alchemy:   Poison Magic and Transmutations.
 m - the cursed +0 pair of gloves of the Mantic Sorrow (worn) {Evo, Bglg}
   (You found it on level 8 of the Dungeon)

   It has a curse which improves the following skills: Evocations: Evocations.
   Beguiling: Conjurations, Hexes and Translocations.
 x - the cursed +0 tower shield of Ashenzari's Secrets (worn) {Melee, Elem}
   (You took it off a naga warrior on level 2 of the Snake Pit)

   It has a curse which improves the following skills: Melee Combat: Short
   Blades, Long Blades, Axes, Maces & Flails, Polearms, Staves and Unarmed
   Combat.
   Elements:  Fire Magic, Ice Magic, Air Magic and Earth Magic.
 z - the cursed +0 cloak "Ensconced Liberalism" (worn) {Self, Bglg}
   (You took it off Maurice on level 8 of the Dungeon)

   It has a curse which improves the following skills: Introspection: Fighting
   and Spellcasting.
   Beguiling: Conjurations, Hexes and Translocations.
 C - the +0 cloak "Soets" {Str+5}
   (You found it on level 13 of the Dungeon)

   Str:       It affects your strength (+5).
 I - the cursed +3 plate armour of the Gnostic Sun (worn) {Cun, Comp}
   (You found it on level 11 of the Dungeon)

   It has a curse which improves the following skills: Cunning: Dodging and
   Stealth.
   Companions: Summonings and Necromancy.
Jewellery
 d - a ring of magical power
 t - the cursed ring of the Revealing Pleiades (left hand) {rPois, Bglg, Self}
   (You bought it in a shop on level 7 of the Dungeon)

   [ring of poison resistance]

   rPois:     It protects you from poison.
   It has a curse which improves the following skills: Beguiling: Conjurations,
   Hexes and Translocations.
   Introspection: Fighting and Spellcasting.
 D - the ring "Zanemu" {Str+6 Slay+4}
   (You found it on level 14 of the Dungeon)

   [ring of slaying]

   Str:       It affects your strength (+6).
   Slay:      It affects your accuracy & damage with ranged weapons and melee
   (+4).
 K - the cursed amulet "Yoke of Ashenzari" (around neck) {Faith Contam rElec rF++ Regen+, Fort, Melee}
   (You bought it in a shop on level 7 of the Dungeon)

   [amulet of faith]

   It allows you to gain divine favour quickly.
   rF:        It greatly protects you from fire.
   rElec:     It insulates you from electricity.
   Contam:    It causes magical contamination when unequipped.
   Regen:     It increases your rate of health regeneration.
   It has a curse which improves the following skills: Fortitude: Armour and
   Shields.
   Melee Combat: Short Blades, Long Blades, Axes, Maces & Flails, Polearms,
   Staves and Unarmed Combat.
 O - a cursed ring of the Octopus King (right hand) {rCorr AC+1 EV+1 Str+1 Int+1 Dex+1, Self, Melee}
   (You acquired it on level 2 of the Lair of Beasts)

   [ring of resist corrosion]

   AC:        It affects your AC (+1).
   EV:        It affects your evasion (+1).
   Str:       It affects your strength (+1).
   Int:       It affects your intelligence (+1).
   Dex:       It affects your dexterity (+1).
   rCorr:     It protects you from acid and corrosion.
   It has a curse which improves the following skills: Introspection: Fighting
   and Spellcasting.
   Melee Combat: Short Blades, Long Blades, Axes, Maces & Flails, Polearms,
   Staves and Unarmed Combat.
 U - a ring of positive energy
Wands
 b - a wand of charming (21)
 g - a wand of flame (30)
 o - a wand of acid (13)
 q - a wand of polymorph (24)
 y - a wand of mindburst (31)
 M - a wand of digging (5)
 T - a wand of paralysis (3)
Scrolls
 l - 2 scrolls of holy word
 p - 5 scrolls of noise
 u - 6 scrolls of vulnerability
 v - 3 scrolls of summoning
 A - 2 scrolls of silence
 G - 3 scrolls of magic mapping
 H - 2 scrolls of enchant armour
 L - 2 scrolls of fog
 P - 2 scrolls of fear
 S - 2 scrolls of enchant weapon
 V - 2 scrolls of immolation
 W - 4 scrolls of amnesia
Potions
 a - a potion of might
 f - 3 potions of cancellation
 i - 3 potions of mutation
 k - 6 potions of curing
 n - a potion of ambrosia
 r - 2 potions of brilliance
 B - 2 potions of lignification
 N - 2 potions of magic
 R - 6 potions of flight
 X - a potion of heal wounds
 Y - 3 potions of invisibility
Miscellaneous
 c - a condenser vane


   Skills:
 * Level 16.2(23.6) Fighting
 - Level 15.9(23.3) Axes
 - Level 15.0(19.6) Armour
 + Level 5.6(8.7) Dodging
 - Level 9.6(14.3) Shields
 - Level 4.8(10.4) Conjurations
 - Level 5.0(10.7) Hexes
 - Level 4.1(7.0) Summonings
 - Level 6.0(9.1) Air Magic
 - Level 5.5(8.5) Earth Magic
 - Level 7.1(10.2) Poison Magic
 + Level 9.5(12.6) Evocations


You had 6 spell levels left.
You knew the following spells:

 Your Spells              Type           Power      Damage    Failure   Level
a - Mephitic Cloud        Conj/Pois/Air  22%        N/A       9%          3
b - Silence               Hex/Air        11%        N/A       63%         5
c - Animate Armour        Summ/Erth      34%        N/A       58%         4

Your spell library contained the following spells:

 Spells                   Type           Power      Damage    Failure   Level
 Shock                    Conj/Air       88%        1d8       3%          1
 Slow                     Hex            24%        N/A       3%          2
 Poisonous Vapours        Pois/Air       42%        N/A       4%          2
 Confusing Touch          Hex            24%        N/A       7%          3
 Dazzling Flash           Conj/Hex       46%        N/A       7%          3
 Cause Fear               Hex            12%        N/A       22%         4
 Ensorcelled Hibernation  Hex/Ice        24%        N/A       26%         2
 Corpse Rot               Necr/Air       N/A        N/A       36%         2
 Airstrike                Air            10%        N/A       38%         4
 Inner Flame              Hex/Fire       12%        N/A       47%         3
 Conjure Flame            Conj/Fire      12%        6-21      50%         3
 Spider Form              Tmut/Pois      6%         N/A       52%         3
 Ignite Poison            Fire/Tmut/Pois 8%         N/A       75%         3
 Pain                     Necr           4%         1d4       83%         1
 Iskenderun's Mystic Bla  Conj/Tloc      13%        2d5       86%         4
 Sticky Flame             Conj/Fire      12%        2d4       88%         4
 Sublimation of Blood     Necr           0%         N/A       92%         2
 Petrify                  Tmut/Erth      10%        N/A       95%         4
 Freezing Cloud           Conj/Ice/Air   7%         6-21      97%         5
 Vampiric Draining        Necr           0%         2d6       99%         3
 Irradiate                Conj/Tmut      6%         3d15      99%         5
 Iron Shot                Conj/Erth      10%        9d3       99%         6
 Agony                    Necr           1%         N/A       100%        5
 Blade Hands              Tmut           0%         N/A       100%        5
 Excruciating Wounds      Necr           0%         N/A       100%        5
 Starburst                Conj/Fire      6%         6d4       100%        6
 Dragon Form              Tmut           0%         N/A       100%        7
 Discord                  Hex            12%        N/A       100%        8
 Maxwell's Capacitive Co  Air            10%        ∞         100%        8
 Dragon's Call            Summ           8%         N/A       100%        9
 Swiftness                Air            Unusable   N/A       N/A         3

Dungeon Overview and Level Annotations

Branches:
Dungeon (15/15)            Temple (1/1) D:5            Lair (6/6) D:11
 Shoals (0/4) Lair:3        Snake (4/4) Lair:4        Slime (0/5) Lair:6
    Orc (2/2) D:11            Elf (0/3) Orc:2        Vaults (0/5) D:13
 Depths (0/4) D:15        Volcano (visited)

Altars:
Ashenzari
Cheibriados
Dithmenos
Elyvilon
Fedhas
Gozag
Hepliaklqana
Kikubaaqudgha
Makhleb
Nemelex Xobeh
Okawaru
Qazlal
Ru
Sif Muna
Trog
Uskayaw
Vehumet
Wu Jian
Xom
Yredelemnul
Zin
The Shining One
Beogh
Jiyva
Lugonu

Shops:
D:4 (   D:7 =   D:15 :   Orc:1 **:   Orc:2 !((:   Snake:2 =   Snake:3 :=:
Snake:4 ![*

Annotations:
D:5 2 transporters
D:7 exclusion: 2 doors
D:10 1 runed translucent door, Dittersdorf's ghost, novice GrFi
Lair:3 1 runed translucent door, siradein's ghost, journeyman HOFi
Lair:5 3 runed translucent doors, Muulud's ghost, journeyman SpBe


Innate Abilities, Weirdness & Mutations

You cannot be hasted, slowed, berserked, paralysed or teleported.
You can dig through walls and to a lower floor.
You have a pair of large antennae on your head. (SInv)
Your four strong arms can wield two-handed weapons with a shield.


Message History

You regained 24 hp, and now have 32/165 hp.
You hit the nagaraja but do no damage.
The nagaraja is heavily wounded.
You hit the salamander. You slash the nagaraja!
You feel very sick. The salamander completely misses you.
You block the nagaraja's attack. The nagaraja constricts you.
* * * LOW HITPOINT WARNING * * *
You take 7 damage, and have 25/165 hp.
You slice the nagaraja!!
The nagaraja is almost dead.
You slash the nagaraja! You slash the salamander!
You feel very sick.
The naga sharpshooter shouts!
The nagaraja hits you but does no damage.
The nagaraja points at you and mumbles some strange words.
The poison arrow hits you!!
You are more poisoned.
* * * LOW HITPOINT WARNING * * *
The nagaraja constricts you.
* * * LOW HITPOINT WARNING * * *
You block the salamander's attack.
The naga warrior roars a battlecry!
The nagas go into a battle-frenzy!
You hear a shout!
You take 23 damage, and have 2/165 hp.
You feel much better.
You feel extremely sick.
The nagaraja no longer looks unusually strong.
You block the nagaraja's attack.
The nagaraja hits you but does no damage.
The nagaraja constricts you.
* * * LOW HITPOINT WARNING * * *
You block the salamander's attack. The naga warrior spits poison at you.
You block the splash of poison. The nagaraja casts a spell at you.
The bolt of poison hits you!!
You are lethally poisoned!
You die...

≈ ############)'#####.#
*,*.# ≈*
###########....####.# *
*.# ≈ {
{.#########......###.##
, ,# ≈≈*
*{########...##...##...
* , ≈ * *{*
##...####...#### ** *,
{* ##...##..##...###
*,, *,*
##...##....##...## ,,
,* ##....#NN)...#))..##
* * *
**#..[..)@.....N)†...#
, , ,*
.....#N.).....#)....#*
* ** ***
..#.N##......##..#...#
* ,
*...##....##...##... *
,, ....##..##.{...##..,
* ,, , ,,,,,#### ∆{....
#. , * ,,,* ,, , ,*
,,{,....{*{, ,, , ,, ,
, {, ,.....{ ,, **, , *
, , ,* * {,, , , *


You could see a naga warrior (catching breath), 2 nagarajas, a naga sharpshooter
(wandering) and a salamander (strong).

Vanquished Creatures
  2 nagarajas
  Aizul (Snake:1)
  An orc warlord (Orc:1)
  Azrael (D:12)
  Snorg (D:13)
  Josephine (D:11)
  A yaktaur captain (D:13)
  5 hydras
  Fannar (Lair:3)
  A fire dragon (Lair:6)
  10 naga warriors
  A catoblepas (D:15)
  4 ogre magi (Orc:2)
  3 boulder beetles
  An alligator snapping turtle (D:14)
  3 anacondas
  6 two-headed ogres
  2 centaur warriors (D:15)
  Erica (D:11)
  A tengu warrior (D:15)
  Urug (D:12)
  5 naga sharpshooters
  Nergalle (D:12)
  6 shock serpents
  Sonja (Lair:5)
  4 sea snakes (Snake:4)
  6 salamander mystics
  A skeletal warrior (D:12)
  8 naga ritualists
  A deep elf archer (Volcano)
  An orc knight (Orc:1)
  2 lindwurms (Lair:6)
  6 deep elf pyromancers (Volcano)
  6 mana vipers
  A harpy (shapeshifter) (D:15)
  16 ugly things
  A necromancer (D:15)
  16 salamanders
  A deep elf zephyrmancer (D:15)
  10 orc sorcerers
  10 elephants
  7 cyclopes
  An oklob plant (Lair:3)
  4 manticores
  27 black mambas
  13 naga magi
  3 molten gargoyles (Lair:6)
  A guardian serpent (shapeshifter) (D:14)
  4 guardian serpents
  3 torpor snails
  Maurice (D:8)
  A gargoyle (D:12)
  4 yaktaurs
  A centaur skeleton (D:15)
  14 cane toads
  2 unseen horrors
  2 rime drakes
  3 efreet
  A kobold demonologist (D:13)
  A tengu conjurer (D:12)
  15 komodo dragons
  2 polar bears
  A troll (shapeshifter) (D:14)
  A wind drake (Lair:3)
  A wind drake (shapeshifter) (D:14)
  2 trolls
  A hornet (shapeshifter) (D:13)
  13 slime creatures
  10 blink frogs
  5 dream sheep (Lair:5)
  A centaur simulacrum (D:15)
  5 wraiths
  A shadow (D:10)
  42 yaks
  7 wyverns
  8 fire elementals
  4 vampire mosquitoes (D:12)
  7 basilisks
  4 steam dragons
  4 wargs
  34 nagas
  3 acid dragons
  13 water moccasins
  16 hell hounds
  A meliai simulacrum (D:14)
  14 orc warriors
  2 ice beasts
  2 black bears
  A sky beast (D:8)
  A necrophage (D:7)
  9 ogres
  9 wolves
  4 centaurs
  2 phantoms
  2 kobold brigands
  18 bullfrogs
  A gnoll sergeant (Orc:1)
  4 scorpions
  A water moccasin zombie (D:6)
  12 killer bees
  6 wights
  An electric eel (Lair:2)
  A jelly (D:7)
  2 howler monkeys
  4 lava snakes (Lair:6)
  A bullfrog zombie (D:6)
  10 centaur zombies
  11 orc priests
  A gnoll shaman (D:6)
  A bullfrog skeleton (D:6)
  2 hounds (D:6)
  Jessica (D:15)
  Natasha (thrice) (D:2)
  4 iguanas
  30 orc wizards
  A killer bee zombie (D:7)
  A hound skeleton (D:4)
  A howler monkey zombie (D:3)
  Robin (D:2)
  14 gnolls
  6 river rats (D:4)
  3 adders
  2 white imps (D:7)
  3 ufetubi
  An adder skeleton (D:4)
  3 worms
  3 dart slugs
  46 orcs
  5 ball pythons
  5 bats
  7 endoplasms
  2 giant cockroaches
  13 goblins
  6 hobgoblins
  11 jackals
  7 quokkas
  A frilled lizard (D:1)
  13 kobolds
  19 rats
  2 bushes (D:14)
781 creatures vanquished.

Vanquished Creatures (others)
  An orc wizard (D:12)
  2 demonic plants (D:3)
  23 fungi
  30 plants
  2 withered plants (Lair:3)
58 creatures vanquished.

Grand Total: 839 creatures vanquished

Notes
Turn   | Place    | Note
-------+----------+-------------------------------------------
     0 | D:1      | jasper the Formicid Fighter began the quest for the Orb.
     0 | D:1      | Reached XP level 1. HP: 18/18 MP: 1/1
   150 | D:1      | Reached XP level 2. HP: 24/24 MP: 2/2
   758 | D:1      | Reached XP level 3. HP: 29/29 MP: 3/3
  1309 | D:2      | You fall into a shaft and drop 1 floor!
  1313 | D:3      | Found a blossoming altar of Fedhas.
  1413 | D:2      | Noticed Robin
  1413 | D:2      | Noticed Natasha
  1436 | D:2      | Reached XP level 4. HP: 32/37 MP: 4/4
  1448 | D:2      | Killed Natasha
  1472 | D:2      | Killed Robin
  1473 | D:2      | Reached skill level 4 in Fighting
  1674 | D:2      | Reached XP level 5. HP: 42/42 MP: 5/5
  1990 | D:2      | Noticed Natasha
  1999 | D:2      | Killed Natasha
  2117 | D:2      | Noticed Natasha
  2126 | D:2      | Killed Natasha
  2127 | D:2      | Reached XP level 6. HP: 49/49 MP: 6/6
  2422 | D:3      | Found a faded altar of an unknown god.
  3340 | D:4      | Reached skill level 5 in Axes
  3340 | D:4      | Reached XP level 7. HP: 55/55 MP: 7/7
  3346 | D:4      | Found a bloodstained altar of Trog.
  3391 | D:4      | Found Hongaxza's Antique Weapon Shop.
  3576 | D:4      | Reached skill level 5 in Fighting
  3576 | D:4      | Reached skill level 5 in Armour
  3910 | D:4      | Found an ancient bone altar of Kikubaaqudgha.
  3919 | D:4      | Found a shimmering blue altar of Sif Muna.
  3920 | D:4      | Found a radiant altar of Vehumet.
  3923 | D:4      | Got Kikubaaqudgha's Collected Works on Unholy Secrets
  4146 | D:4      | Found a snail-covered altar of Cheibriados.
  4202 | D:5      | Entered Level 5 of the Dungeon
  4250 | D:5      | Found a staircase to the Ecumenical Temple.
  4259 | Temple   | Entered the Ecumenical Temple
  4324 | D:5      | HP: 2/56 [orc warrior (12)]
  4327 | D:5      | Reached XP level 8. HP: 12/63 MP: 8/8
  5068 | D:5      | Noticed a kobold demonologist
  5069 | D:5      | Found a transporter.
  5074 | D:5      | Found a transporter.
  5103 | D:5      | Noticed a troll
  5419 | D:6      | Reached skill level 6 in Fighting
  5940 | D:6      | Reached XP level 9. HP: 60/71 MP: 9/9
  6011 | D:6      | Found a sacrificial altar of Ru.
  6390 | D:6      | Reached skill level 7 in Fighting
  7250 | D:7      | Found Unyem's Jewellery Emporium.
  7731 | D:8      | Noticed a kobold demonologist
  7732 | D:8      | Noticed an unseen horror
  7732 | D:8      | a kobold demonologist changed into an unseen horror
  7759 | D:8      | Killed an unseen horror
  7944 | D:8      | Reached XP level 10. HP: 80/80 MP: 10/10
  8084 | D:8      | Reached skill level 8 in Fighting
  8096 | D:8      | Reached skill level 10 in Axes
  8313 | D:8      | Noticed Maurice
  8345 | D:8      | Killed Maurice
  8711 | D:8      | Found a glowing silver altar of Zin.
  8738 | D:8      | Found a sparkling altar of Nemelex Xobeh.
  9039 | D:8      | Found a shadowy altar of Dithmenos.
  9474 | D:5      | Found a white marble altar of Elyvilon.
 10009 | D:7      | Reached skill level 9 in Fighting
 10304 | D:9      | Found a basalt altar of Yredelemnul.
 10368 | D:9      | Noticed a two-headed ogre
 10383 | D:9      | Killed a two-headed ogre
 10384 | D:9      | Reached XP level 11. HP: 44/89 MP: 11/11
 10583 | D:9      | Found a glowing golden altar of the Shining One.
 11914 | D:9      | Identified the +2 hand axe "Zugokued" {flame, rF+}
 11949 | D:10     | Entered Level 10 of the Dungeon
 11955 | D:10     | Noticed a two-headed ogre
 11963 | D:10     | Killed a two-headed ogre
 12219 | D:10     | Found a burning altar of Makhleb.
 12636 | D:10     | Found a runed translucent door.
 12640 | D:10     | Noticed Dittersdorf's ghost (novice GrFi)
 12640 | D:10     | Identified the +9 trident "Ede Sog" {drain, rN++ Dex-3}
 12640 | D:10     | Noticed a spriggan rider
 12673 | D:10     | Found a broken altar of Ashenzari.
 12785 | D:10     | Became a worshipper of Ashenzari the Shackled
 12871 | D:10     | Reached skill level 10 in Fighting
 12871 | D:10     | Reached skill level 10 in Armour
 13038 | D:11     | Found a staircase to the Lair.
 13127 | D:11     | Noticed a red ugly thing
 13136 | D:11     | HP: 4/90 [red ugly thing (19)]
 13146 | D:11     | Killed a red ugly thing
 13399 | D:11     | Identified the +3 robe "Lit Paygu" {rElec Regen+ Stlth+}
 13667 | D:11     | Noticed Josephine
 13733 | D:11     | Killed Josephine
 13734 | D:11     | Reached XP level 12. HP: 47/99 MP: 12/12
 14037 | D:11     | Noticed a two-headed ogre
 14054 | D:11     | Killed a two-headed ogre
 14109 | D:11     | Noticed a two-headed ogre
 14123 | D:11     | Killed a two-headed ogre
 14314 | D:11     | Reached * piety under Ashenzari
 14497 | D:11     | Found a staircase to the Orcish Mines.
 14622 | Orc:1    | Entered Level 1 of the Orcish Mines
 14622 | Orc:1    | Noticed Erica
 14622 | Orc:1    | Found Zeulaome's Assorted Antiques.
 14622 | Orc:1    | Found Alaut's General Store.
 14636 | D:11     | Killed Erica
 14637 | D:11     | Reached skill level 11 in Fighting
 15071 | Orc:1    | Found Hyub's Book Boutique.
 15617 | D:7      | Bought the amulet "Falucs" {Faith Contam rElec rF++ Regen+}
                  | for 856 gold pieces
 15711 | Lair:1   | Entered Level 1 of the Lair of Beasts
 15788 | Lair:1   | Reached ** piety under Ashenzari
 16227 | Lair:1   | Reached *** piety under Ashenzari
 16689 | Lair:2   | Identified a scroll of acquirement
 16709 | Lair:2   | Acquired a ring of the Octopus King {rCorr AC+1 EV+1 Str+1
                  | Int+1 Dex+1}
 16709 | Lair:2   | Found the ring of the Octopus King {rCorr AC+1 EV+1 Str+1
                  | Int+1 Dex+1}
 16930 | Lair:2   | Reached XP level 13. HP: 114/114 MP: 13/13
 17161 | Lair:2   | Reached **** piety under Ashenzari
 17389 | Lair:3   | Noticed a five-headed hydra
 17413 | Lair:3   | Killed a one-headed hydra
 17414 | Lair:3   | Reached skill level 12 in Fighting
 17492 | Lair:3   | Noticed Fannar
 17532 | Lair:3   | Killed Fannar
 17533 | Lair:3   | Reached skill level 15 in Axes
 17634 | Lair:3   | Found a staircase to the Shoals.
 17651 | Lair:3   | Reached ***** piety under Ashenzari
 18032 | Lair:3   | Found a runed translucent door.
 18033 | Lair:3   | Noticed siradein's ghost (journeyman HOFi)
 18033 | Lair:3   | Identified the ring of Cahic {rElec rF- rCorr MP-9 Dex+6}
 18327 | Lair:4   | Found a staircase to the Snake Pit.
 18346 | Lair:4   | Found a broken altar of Ashenzari.
 18863 | Lair:5   | Found a dark tunnel.
 18876 | Lair:5   | Reached skill level 13 in Fighting
 18879 | Volcano  | Entered a volcano
 18919 | Volcano  | Reached skill level 1 in Evocations
 18929 | Volcano  | Reached XP level 14. HP: 134/134 MP: 15/15
 18973 | Volcano  | Reached skill level 5 in Shields
 19065 | Lair:5   | Noticed Sonja
 19072 | Lair:5   | Killed Sonja
 19347 | Lair:5   | Found a runed translucent gate.
 19348 | Lair:5   | Found a runed translucent gate.
 19349 | Lair:5   | Found a runed translucent gate.
 19350 | Lair:5   | Noticed Muulud's ghost (journeyman SpBe)
 19723 | Lair:6   | Entered Level 6 of the Lair of Beasts
 19851 | Lair:6   | Reached ****** piety under Ashenzari
 19926 | Lair:6   | Learned a level 3 spell: Mephitic Cloud
 19929 | Lair:6   | Found a viscous altar of Jiyva.
 19930 | Lair:6   | Found a staircase to the Slime Pits.
 19994 | Lair:6   | Reached skill level 5 in Evocations
 20314 | Lair:6   | Found a large runed translucent door.
 20314 | Lair:6   | Found a large runed translucent door.
 20494 | Lair:6   | Reached XP level 15. HP: 95/144 MP: 16/16
 20953 | Orc:2    | Entered Level 2 of the Orcish Mines
 20977 | Orc:2    | Noticed an orc warlord
 21007 | Orc:1    | Killed an orc warlord
 21174 | Orc:2    | Found Pirghuic's Antique Weapon Shoppe.
 21242 | Orc:2    | Found a staircase to the Elven Halls.
 21345 | Orc:2    | Found Comietub's Antique Weapon Shoppe.
 21415 | Orc:2    | Found an ancient bone altar of Kikubaaqudgha.
 21438 | Orc:2    | Found a radiant altar of Vehumet.
 21445 | Orc:2    | Reached skill level 15 in Armour
 21480 | Orc:2    | Found Nenlawn's Book Emporium.
 21480 | Orc:2    | Found Jiteh's Distillery.
 21493 | Orc:2    | Reached skill level 1 in Poison Magic
 21504 | Orc:2    | Bought a potion of curing for 42 gold pieces
 21504 | Orc:2    | Bought a potion of curing for 42 gold pieces
 21504 | Orc:2    | Bought a potion of curing for 42 gold pieces
 21523 | Orc:2    | Bought Sif Muna's Guide on Air for 570 gold pieces
 21662 | D:12     | Noticed Azrael
 21672 | D:12     | Reached skill level 1 in Conjurations
 21672 | D:12     | Killed Azrael
 21673 | D:12     | Reached skill level 1 in Air Magic
 21860 | D:12     | Noticed Nergalle
 21862 | D:12     | Noticed Urug
 21871 | D:12     | Killed Nergalle
 21876 | D:12     | Killed Urug
 21889 | D:12     | Reached skill level 14 in Fighting
 22474 | D:12     | Learned a level 5 spell: Silence
 22556 | D:13     | Found a gate to the Vaults.
 22751 | D:13     | Identified the +0 cloak "Soets" {Str+5}
 22816 | D:13     | Noticed Snorg
 22834 | D:13     | Killed Snorg
 23004 | D:13     | Reached skill level 5 in Poison Magic
 23152 | D:14     | Found a broken altar of Ashenzari.
 23166 | D:14     | Reached XP level 16. HP: 153/153 MP: 17/17
 23303 | D:14     | Noticed Rupert
 23322 | D:14     | Noticed Rupert
 23322 | D:14     | Rupert changed into Rupert the alligator snapping turtle
 23339 | D:14     | Killed Rupert the alligator snapping turtle
 23594 | D:14     | Identified the ring "Zanemu" {Str+6 Slay+4}
 23756 | D:15     | Entered Level 15 of the Dungeon
 23829 | D:15     | Found a sparkling altar of Nemelex Xobeh.
 23829 | D:15     | Noticed Jessica
 23845 | D:15     | Killed Jessica
 23996 | D:15     | Learned a level 4 spell: Animate Armour
 24022 | D:15     | Found Plog's Book Shop.
 24135 | D:15     | Bought a book of the Dragon for 598 gold pieces
 24426 | D:15     | Found a staircase to the Depths.
 24457 | D:15     | Reached skill level 1 in Hexes
 24457 | D:15     | Reached skill level 1 in Earth Magic
 24461 | D:15     | Reached skill level 1 in Dodging
 24461 | D:15     | Reached skill level 1 in Summonings
 24667 | Snake:1  | Entered Level 1 of the Snake Pit
 24794 | Snake:1  | Noticed Aizul
 24822 | Snake:1  | Killed Aizul
 25749 | Snake:2  | Reached skill level 5 in Air Magic
 26010 | D:7      | Bought a ring of poison resistance for 260 gold pieces
 26423 | Snake:2  | Reached XP level 17. HP: 152/155 MP: 18/18
 26484 | Snake:2  | Found Zemimelu's Jewellery Shoppe.
 26616 | Snake:2  | Found an ancient bone altar of Kikubaaqudgha.
 26957 | Snake:3  | Found Ziomubbi's Book Emporium.
 26967 | Snake:3  | Found Ceacapt's Book Emporium.
 26980 | Snake:3  | Found Acouvit's Jewellery Shop.
 27060 | Snake:3  | Reached skill level 5 in Hexes
 27181 | Snake:3  | Reached skill level 5 in Earth Magic
 27585 | Snake:4  | Entered Level 4 of the Snake Pit
 27611 | Snake:4  | Reached skill level 15 in Fighting
 27642 | Snake:4  | Found Lite Neuff's Antique Armour Shop.
 27658 | Snake:4  | Found Pitryfuo's Assorted Antiques.
 27883 | Snake:4  | Found Jeuf's Distillery.
 28038 | Snake:4  | Reached skill level 5 in Dodging
 28148 | Snake:4  | Reached skill level 16 in Fighting
 28275 | Snake:4  | HP: 6/165 [nagaraja/bolt of poison (26)]
 28279 | Snake:4  | HP: 2/165 [constriction (1)]
 28280 | Snake:4  | Killed from afar by a nagaraja

Illustrated notes

Levels and vault maps discovered:
D:1:      dpeg_arrival_simpleton_b, layout_basic
D:2:      layout_rooms, uniq_robin, uniq_natasha
D:3:      layout_rooms, fedhas_altar_3, shapermc_ecumenical_altar_gd
D:4:      layout_loops_ring, grunt_temple_overflow_magic_moments,
          kennysheep_mini_moat, mainiacjoe_overflow_tiny_flanked, serial_shops,
          nicolae_shop_overgrown_old_shop, dk_rats_in_the_wall
D:5:      gammafunk_wand_slinger, layout_loops_ring,
          mainiacjoe_overflow_six_doors_small, minmay_temple_entry_butterflies
D:6:      layout_basic, lemuel_crystal_altar, minmay_joined_circles
D:7:      cheibrodos_two_vegetables, layout_rooms, serial_shops, shop_coins
D:8:      layout_basic, grunt_dithmenos_shadows,
          chequers_temple_overflow_statue_of_worship, minmay_misc_feat_enclosed,
          uniq_maurice
D:9:      layout_roguey, old_standard_altar, lemuel_zombie_altar_yredelemnul,
          evilmike_butchery
D:10:     layout_basic, lemuel_tele_altar, cheibrodos_ashenzari_chains,
          ebering_ghost_funeral_grove
D:11:     layout_grid_maze, lair_entry_dummy, orc_0_dummy, uniq_josephine
D:12:     minmay_opposing_rooms, layout_basic, uniq_urug, uniq_azrael,
          uniq_nergalle
D:13:     layout_cross, david_vaults_2, uniq_snorg
D:14:     layout_irregular_city, serial_park_paths
          [serial_park_minivault_5x5_4], uniq_rupert
D:15:     grunt_enter_depths_magical_seal, layout_small_grid, serial_shops,
          shop, nemelex_lonely_heart_becter
Temple:   corrupted_temple
Lair:1:   layout_regular_city, grunt_megastairs_3
Lair:2:   layout_regular_city, nicolae_quartered_pool_little,
          lemuel_fruit_fields, lemuel_fruit_tree, infiniplex_staircase_pool
Lair:3:   layout_cave_pods, minmay_shoals_entry_beasts, gammafunk_ghost_grave,
          chequers_serial_rivers_micro_a, uniq_fannar
Lair:4:   layout_cave_pods, guppyfry_snake_entry_island, basic_altar,
          dpeg_oklob_1
Lair:5:   layout_regular_city, gammafunk_ghost_hydra_chop, enter_volcano_3,
          columned_hall_lemuel, pond, uniq_sonja
Lair:6:   cheibrodos_lair_end_hotspot, layout_regular_city,
          dpeg_slime_entry_enclosed_altar, serial_rivers,
          chequers_serial_rivers_small_a, chequers_serial_rivers_micro_c,
          chequers_serial_rivers_room_b, chequers_serial_rivers_room_a
Snake:1:  layout_layer_cave, uniq_aizul
Snake:2:  layout_rooms, basic_altar, grunt_megastairs_2, minmay_shop_star
Snake:3:  layout_cave_town, minmay_shop_grove
Snake:4:  johnstein_snake_rune_scales, layout_basic, serial_shops, shop,
          nicolae_shop_crystal, shop, nicolae_square_shop
Orc:1:    layout_caves, basic_altar, serial_shops, nicolae_shop_statue_plus,
          nicolae_shop_statue_plus, shop_statue, uniq_erica
Orc:2:    kennysheep_orc_mage_school, layout_caves

Skill      XL: |  1  2  3  4  5  6  7  8  9 10 11 12 13 14 15 16 17 |
---------------+----------------------------------------------------+-----
Shields        | 4 8 9 |  9.6
Axes           | 3 4 5 6 7 9 11 12 14 15 | 15.9
Fighting       | 4 5 6 7 9 10 11 13 14 16 | 16.2
Armour         | 4 5 6 7 9 10 11 13 14 15 | 15.0
Evocations     | 1 6 8 9 |  9.5
Poison Magic   | 5 7 |  7.1
Conjurations   | 3 4 |  4.8
Air Magic      | 3 5 6 |  6.0
Hexes          | 4 5 |  5.0
Earth Magic    | 4 5 |  5.5
Dodging        | 3 5 |  5.6
Summonings     | 3 4 |  4.1

Action                   |  1- 3 |  4- 6 |  7- 9 | 10-12 | 13-15 | 16-18 || total
-------------------------+-------+-------+-------+-------+-------+-------++-------
Melee: War axe           |    85 |   186 |   182 |       |       |       ||   453
       Battleaxe         |       |       |   111 |   580 |   744 |   593 ||  2028
       Hand axe          |       |       |       |       |    11 |       ||    11
Throw: Dart              |    26 |    35 |    22 |    28 |    10 |       ||   121
       Javelin           |       |     3 |     2 |       |       |       ||     5
Invok: Curse Item        |       |       |       |     5 |     5 |     2 ||    12
       Shatter the Chain |       |       |       |       |     1 |     2 ||     3
 Abil: Dig               |     4 |     1 |     8 |     9 |     7 |     8 ||    37
Evoke: Wand              |       |       |     1 |    19 |    10 |     8 ||    38
  Use: Scroll            |     2 |     6 |     7 |     6 |       |     1 ||    22
       Potion            |       |     2 |     4 |     3 |       |    11 ||    20
 Stab: Invisible         |       |     1 |       |     2 |       |       ||     3
       Distracted        |       |       |     1 |       |     1 |       ||     2
Armor: Scale mail        |    72 |    70 |    51 |       |       |       ||   193
       Plate armour      |       |       |   121 |   274 |   359 |   226 ||   980
Dodge: Dodged            |    58 |    73 |   121 |   316 |   388 |   208 ||  1164
Block: Buckler           |    26 |    40 |    62 |   171 |   207 |       ||   506
       Reflection        |       |       |       |     1 |       |       ||     1
       Kite shield       |       |       |       |       |    56 |   147 ||   203
       Tower shield      |       |       |       |       |       |   304 ||   304

Table legend: (Time is in decaauts)
 A = Elapsed time spent in this place.
 B = Non-inter-level travel time spent in this place.
 C = Inter-level travel time spent in this place.
 D = Time resting spent in this place.
 E = Time spent auto-exploring this place.
 F = Levels seen in this place.
 G = Mean time per level.
                   A        B        C        D        E       F      G
               +--------+--------+--------+--------+--------+-----+--------+
         Total |  28252 |  26107 |   2145 |   3203 |  16698 |  29 |  974.2 |
       Dungeon |  18338 |  16977 |   1361 |   2690 |  10644 |  15 | 1222.5 |
        Temple |     49 |     38 |     11 |      0 |     22 |   1 |   49.0 |
          Lair |   5089 |   4653 |    436 |      4 |   3512 |   6 |  848.2 |
     Snake Pit |   3203 |   2983 |    220 |    274 |   1809 |   4 |  800.8 |
  Orcish Mines |   1420 |   1306 |    114 |    235 |    678 |   2 |  710.0 |
       Volcano |    150 |    150 |      0 |      0 |     31 |   1 |  150.0 |
               +--------+--------+--------+--------+--------+-----+--------+

Top non-repeatable levels by time:
    D:11: 2170 daAuts
     D:6: 1952 daAuts
     D:9: 1874 daAuts
     D:8: 1777 daAuts
     D:5: 1467 daAuts
     D:4: 1364 daAuts
     D:1: 1307 daAuts
     D:2: 1285 daAuts
 Snake:1: 1145 daAuts
    D:10: 1099 daAuts
  Lair:6: 1034 daAuts
  Lair:3: 916 daAuts
  Lair:2: 862 daAuts
   Orc:1: 837 daAuts
  Lair:4: 808 daAuts
